Map: Orbital Shipyard

Players

Andurial - Winner!

  • Race: Zerg Zerg
  • League: Grandmaster

SticklerMac

  • Race: Zerg Zerg

VOD

Have the link to the VOD?

Description

Time

  • Played on: Aug. 4, 2015, 11:22 p.m.
  • Length: 12:46
Show
View Real Time Build Order
Export as new Build Order

Andurial Zerg - Winner!

Build Orders: Hatch First 

Get SALT Encoding   

  12  0:01  Drone  
  13  0:12  Overlord  
  13  0:17  Drone  
  14  0:30  Drone x2  
  14  0:35  Drone  
  17  0:54  Hatchery  
  17  0:55  Drone  
  17  1:00  Extractor  
  17  1:01  Drone  
  17  1:06  Drone  
  18  1:17  Drone  
  19  1:23  Spawning Pool  
  18  1:28  Drone  
  19  1:47  Drone  
  20  1:50  Drone  
  21  2:00  Drone  
  22  2:08  Drone  
  23  2:09  Queen x2  
  23  2:13  Metabolic Boost  
  23  2:15  Drone  
  28  2:18  Overlord  
  28  2:25  Baneling Nest  
  28  2:26  Drone  
  28  2:29  Overlord  
  28  2:37  Drone  
  28  2:40  Drone  
  28  2:43  Overlord  
  30  2:57  Zergling x4  
  32  3:03  Zergling x2  
  33  3:07  Zergling x2  
  33  3:11  Zergling x2  
  35  3:20  Zergling x2  
  35  3:21  Zergling x14  
  43  3:31  Overlord  
  43  3:45  Drone  
  44  3:49  Queen x2  
  44  3:53  Drone x4  
  44  3:54  Overlord  
  44  3:55  Overlord x2  
  52  4:05  Baneling x4  
  50  4:20  Drone  
  50  4:21  Drone x6  
  53  4:40  Zergling x2  
  53  4:41  Zergling x12  
  53  4:54  Roach Warren  
  52  5:08  Spine Crawler  
  52  5:10  Drone, Spine Crawler  
  52  5:11  Drone x3  
  52  5:13  Overlord x2  
  54  5:14  Extractor  
  54  5:18  Extractor  
  52  5:29  Drone  
  52  5:30  Drone x2  
  52  5:32  Drone  
  56  5:44  Roach  
  56  5:45  Roach x7  
  72  5:50  Lair  
  72  5:59  Evolution Chamber x2  
  72  6:01  Drone x2  
  72  6:02  Drone x2  
  72  6:03  Drone x2  
  76  6:06  Extractor  
  75  6:14  Roach x6  
  87  6:24  Zerg Missile Weapons Level 1  
  87  6:25  Zerg Ground Armor Level 1  
  87  6:37  Queen  
  87  6:38  Roach  
  87  6:39  Overlord  
  91  6:49  Hatchery  
  91  6:53  Glial Reconstitution  
  90  7:04  Overlord x2  
  90  7:06  Roach  
  90  7:07  Roach x4  
  95  7:12  Queen  
  95  7:14  Roach  
  95  7:15  Roach  
  93  7:26  Drone  
  93  7:27  Roach x2  
  93  7:28  Roach x4  
  86  7:39  Drone, Roach  
  86  7:40  Roach x5  
  86  7:42  Overlord  
  95  7:57  Roach x4  
  103  8:17  Roach x8  
  105  8:30  Roach x2  
  105  8:33  Roach  
  101  8:49  Roach x4  
  101  8:50  Roach x2  
  113  9:00  Drone  
  113  9:01  Drone x8  
  122  9:04  Zerg Missile Weapons Level 2  
  122  9:21  Drone, Roach  
  122  9:22  Drone x5  
  122  9:23  Overlord x2  
  130  9:27  Extractor  
  130  9:30  Extractor  
  128  9:32  Hydralisk Den  
  128  9:36  Drone  
  128  9:37  Drone x2  
  128  9:38  Overlord x2  
  130  9:58  Drone x3  
  130  9:59  Drone x3  
  136  10:00  Overlord x2  
  136  10:02  Muscular Augments  
  136  10:03  Hydralisk x2  
  136  10:24  Hydralisk x6  
  136  10:25  Hydralisk x2  
  128  10:41  Roach  
  128  10:42  Roach x7  
  138  10:43  Roach  
  138  10:44  Roach  
  138  10:46  Roach  
  138  10:48  Roach  
  138  10:49  Roach  
  128  11:01  Roach  
  128  11:02  Roach x6  
  134  11:19  Roach x4  
  142  11:30  Hydralisk  
  142  11:31  Hatchery, Hydralisk x3  
  149  11:33  Hydralisk  
  149  11:36  Hydralisk  
  149  11:38  Hydralisk  
  155  11:46  Roach  
  161  11:47  Roach x2  
  161  11:48  Roach  
  159  12:07  Roach x7  
Show
View Real Time Build Order
Export as new Build Order

SticklerMac Zerg 

Build Orders: Hatch First 

Get SALT Encoding   

  12  0:01  Drone  
  13  0:08  Drone  
  14  0:22  Overlord  
  14  0:41  Drone x3  
  17  0:45  Extractor  
  16  0:56  Hatchery  
  16  0:59  Drone  
  17  1:05  Drone  
  18  1:18  Spawning Pool  
  17  1:19  Drone  
  17  1:25  Drone  
  19  1:30  Extractor  
  18  1:36  Drone  
  19  1:47  Overlord  
  19  1:58  Drone  
  20  2:05  Queen  
  20  2:08  Queen  
  24  2:09  Drone x2  
  26  2:18  Zergling x2  
  26  2:19  Zergling x2  
  28  2:29  Drone  
  29  2:30  Drone  
  30  2:39  Drone  
  30  2:41  Drone  
  32  2:54  Drone x2  
  34  3:01  Drone  
  34  3:02  Drone  
  36  3:11  Roach Warren  
  35  3:14  Zergling x2  
  35  3:19  Metabolic Boost  
  36  3:25  Baneling Nest, Drone  
  36  3:26  Overlord x2  
  36  3:27  Overlord  
  36  3:35  Overlord x3  
  36  3:44  Queen  
  36  3:45  Zergling x2  
  36  3:46  Zergling x6  
  42  3:52  Zergling x2  
  41  4:12  Zergling x2  
  41  4:13  Zergling x2  
  41  4:14  Roach x2  
  44  4:19  Roach  
  44  4:20  Roach  
  45  4:25  Roach  
  45  4:26  Roach x5  
  43  4:32  Zergling x2  
  32  4:50  Overlord  
  28  4:53  Zergling x8  
  28  4:55  Drone  
  28  4:56  Drone x2  
  28  4:58  Zergling x4  
  37  5:13  Zergling x4  
  39  5:21  Queen  
  39  5:22  Queen  
  39  5:27  Drone  
  44  5:31  Drone  
  45  5:40  Drone  
  45  5:41  Drone  
  47  5:43  Drone  
  47  5:47  Drone  
  51  6:04  Roach x3  
  51  6:09  Drone  
  51  6:10  Drone  
  57  6:13  Drone  
  58  6:25  Roach x2  
  62  6:31  Roach  
  64  6:38  Baneling  
  64  6:39  Baneling x2  
  64  6:41  Baneling  
  64  6:46  Drone x2  
  64  6:47  Drone x2  
  67  6:48  Drone x3  
  67  6:50  Drone  
  74  6:54  Roach  
  71  7:12  Zergling x2  
  71  7:14  Zergling x8  
  75  7:18  Roach x3  
  74  7:33  Roach  
  74  7:34  Zergling x4  
  74  7:35  Zergling x6  
  81  7:42  Zergling x2  
  82  7:47  Extractor  
  82  7:48  Zergling x4  
  83  7:55  Drone  
  84  8:01  Zergling x2  
  85  8:10  Hatchery  
  80  8:14  Zergling x2  
  80  8:15  Zergling x12  
  80  8:16  Roach x3  
  82  8:24  Zergling x2  
  82  8:26  Roach  
  80  8:33  Zergling x2  
  60  8:44  Roach x2  
  62  8:48  Zergling x2  
  61  9:03  Roach, Zergling x2  
  61  9:04  Roach x4  
  61  9:07  Drone x2  
  61  9:08  Roach  
  76  9:12  Zergling x4  
  76  9:13  Roach  
  80  9:25  Queen  
  80  9:28  Roach  
  80  9:29  Roach x2  
  88  9:42  Roach  
  88  9:43  Roach x3  
  96  9:54  Overlord x5  
  96  9:55  Overlord  
  96  10:14  Roach  
  96  10:15  Roach x5  
  96  10:18  Zergling x2  
  96  10:19  Roach  
  96  10:20  Zergling x10  
  96  10:21  Zergling x6  
  95  10:28  Roach, Zergling x2  
  95  10:33  Roach  
  82  10:35  Zergling x2  
  82  10:39  Zergling x2  
  69  10:44  Roach x2  
  69  10:48  Drone  
  63  10:55  Roach, Zergling x2  
  64  10:58  Zergling x6  
  67  11:08  Zergling x2  
  67  11:09  Zergling x12  
  67  11:10  Zergling x6  
  77  11:37  Drone x3  
  77  11:38  Drone x4  
  84  11:42  Drone x2  
  84  11:45  Zergling x2  
  84  11:46  Roach x4  
  95  11:50  Drone  
  95  11:51  Roach x3  
  99  12:01  Zergling x8  
  83  12:02  Zergling x4  
  83  12:04  Zergling x2  
  70  12:10  Roach  
  70  12:12  Roach  
  59  12:23  Spine Crawler x2  
  59  12:24  Spine Crawler  
  59  12:25  Roach x2  
  62  12:37  Spine Crawler  
Tags
 
Add a new tag
Caveats
  • Supply blocks, unpowered buildings, or Contaminate may cause inaccurate times.
  • Supply counts are checked every 10 seconds.